 Dungeon Crawl Stone Soup version 0.30-a0-634-g8abc85282e (webtiles) character file.

Game seed: 1313089162929051777

179 Sabo the Firebug (level 5, -1/36 HPs)
             Began as a Demonspawn Fire Elementalist on Jan 14, 2023.
             Was a Follower of Okawaru.
             Slain by Grinder (7 damage)
             ... on level 3 of the Dungeon.
             The game lasted 00:17:21 (2905 turns).

Sabo the Firebug (Demonspawn Fire Elementalist)     Turns: 2905, Time: 00:17:21

Health: -1/36      AC: 10    Str:  8    XL:     5   Next: 32%
Magic:  9/9        EV: 12    Int: 18    God:    Okawaru [*.....]
Gold:   125        SH:  0    Dex: 14    Spells: 6/9 levels left

rFire   . . .      SeeInvis .    e - +2 mace (protect)
rCold   . . .      Faith    .    (no shield)
rNeg    . . .      Spirit   .    a - +0 robe
rPois   .          Reflect  .    (no helmet)
rElec   .          Harm     .    (no cloak)
rCorr   .          Rampage  .    (no gloves)
Will    .....                    m - +0 pair of boots
Stlth   ++                       (no amulet)
HPRegen 0.26/turn                (no ring)
MPRegen 0.11/turn                (no ring)

@: under a protective aura
A: weakness stinger 1
a: Renounce Religion, Heroism


You were on level 3 of the Dungeon.
You worshipped Okawaru.
Okawaru was aware of your devotion.
You visited 1 branch of the dungeon, and saw 3 of its levels.

You collected 125 gold pieces.

Inventory:

Hand Weapons
 d - a +1 dagger of venom
 e - a +2 mace of protection (weapon)
 l - a +0 sling
 p - a +0 war axe
 s - a +3 dagger of flaming
Missiles
 n - 6 poisoned darts
Armour
 a - a +0 robe (worn)
 m - a +0 pair of boots (worn)
Jewellery
 o - an amulet of faith
Wands
 r - a wand of acid (11)
Scrolls
 k - a scroll of fog {unknown}
 q - 3 scrolls of identify {unknown}
Potions
 b - a potion of magic
 c - a potion of berserk rage {unknown}
 f - a potion of attraction {unknown}
 g - a potion of degeneration {unknown}
 h - a potion of curing {unknown}
 i - a potion of heal wounds {unknown}
 j - 2 potions of haste {unknown}


   Skills:
 + Level 0.5 Fighting
 + Level 1.5 Maces & Flails
 + Level 2.2 Dodging
 + Level 2.3 Stealth
 + Level 0.1 Unarmed Combat
 + Level 2.9 Spellcasting
 + Level 1.5 Conjurations
 + Level 3.8 Fire Magic


You had 6 spell levels left.
You knew the following spells:

 Your Spells              Type           Power      Damage    Failure   Level
a - Foxfire               Conj/Fire      48%        2x1d6     5%          1
b - Scorch                Fire           32%        2d6       5%          2

Your spell library contained the following spells:

 Spells                   Type           Power      Damage    Failure   Level
 Magic Dart               Conj           32%        1d4       9%          1
 Searing Ray              Conj           16%        2d5       13%         2
 Inner Flame              Hex/Fire       9%         N/A       22%         3
 Kindle Blastsparks       Fire/Tloc/Air  14%        2d11      28%         3
 Flame Wave               Conj/Fire      12%        2d6       47%         4
 Fulminant Prism          Conj/Hex       2%         3d5       75%         4
 Petrify                  Tmut/Erth      2%         N/A       86%         4
 Metabolic Englaciation   Hex/Ice        1%         N/A       99%         5
 Statue Form              Tmut/Erth      1%         N/A       100%        6


Dungeon Overview and Level Annotations

Branches:
Dungeon (3/15)

Altars:
Okawaru

Annotations:
D:3 Grinder


Innate Abilities, Weirdness & Mutations

You have a small tail.


Message History

Magic restored.
You see here a +0 club.
Items here: )) †††.
Okay, then.
Found a scroll labelled ZEIPSIJUNASH.
Found a stone staircase leading up.
There is a stone staircase leading down here.
Items here: ! ) / [.
Casting: Scorch (safe; 5% risk of failure)
Confirm with . or Enter, or press ? or * to list all spells.
Flames lash the rat.
You kill the rat!
Okawaru accepts your kill.
You start resting.
Magic restored.
r - a wand of acid (11);
j - 2 fizzy silvery potions (gained 1)
Things that are here:
a +3 dagger of flaming; a +0 leather armour
s - a +3 dagger of flaming
q - 3 scrolls labelled ZEIPSIJUNASH (gained 1)
Okay, then.
Grinder comes into view.
Grinder shouts!
Grinder drinks a potion.
Grinder flickers and vanishes!
Deactivating autopickup; reactivate with Ctrl-A.
Something hits you!
You writhe in agony.
You closely miss something.
A hobgoblin comes into view.
Something hits you.
You writhe in agony.
Casting: Scorch (safe; 5% risk of failure)
Confirm with . or Enter, or press ? or * to list all spells.
You can't see any susceptible monsters within range! (Use Z to cast anyway.) Unknown command.
You hit something but do no damage.
Your weapon exudes an aura of protection.
Something hits you but does no damage. Something hits you.
You writhe in agony.
* * * LOW HITPOINT WARNING * * *
You hit something. Something hits you.
* * * LOW HITPOINT WARNING * * *
You barely miss something. Something hits you!
You die...

.#.......#.#
...#######.#
.........#.# #
#........#.# .#
....#....#.# ..#
.##.#....#.# g..#
.†.......#.###### ....#
................##.....#
................@'.....+
...####'##......##.....#
...# ......###..# ....#
...++......# #...# ...#
...##......# #.#.# ###
#####......# #.#... ##
######## #.###.# .# #.#
.. .#


You could see a hobgoblin.

Vanquished Creatures
  An orc priest (D:3)
  An iguana (D:2)
  Ijyb (D:3)
  2 adders (D:2)
  3 worms
  2 dart slugs (D:1)
  3 orcs (D:3)
  9 endoplasms (D:1)
  3 giant cockroaches
  A goblin (D:3)
  4 hobgoblins
  10 jackals
  4 quokkas
  3 ball pythons
  3 bats
  3 frilled lizards (D:1)
  4 kobolds
  5 rats
62 creatures vanquished.

Vanquished Creatures (others)
  87 foxfires
87 creatures vanquished.

Grand Total: 149 creatures vanquished

Notes
Turn   | Place    | Note
-------+----------+-------------------------------------------
     0 | D:1      | Sabo the Demonspawn Fire Elementalist began the quest for
                  | the Orb.
     0 | D:1      | Reached XP level 1. HP: 13/13 MP: 3/3
    55 | D:1      | Reached skill level 3 in Fire Magic
   227 | D:1      | Discovered your monstrous ancestry.
   227 | D:1      | Gained mutation: You have a small tail. [demonic ancestry]
   227 | D:1      | Reached XP level 2. HP: 19/19 MP: 3/5
   317 | D:1      | Noticed a floating eye
   319 | D:1      | Found a faded altar of an unknown god.
   321 | D:1      | Noticed a golden eye
   323 | D:1      | Noticed a floating eye
   323 | D:1      | Noticed a floating eye
   358 | D:1      | Prayed at the altar of an unknown god.
   358 | D:1      | Became a worshipper of Warmaster Okawaru
   358 | D:1      | Reached * piety under Okawaru
  1080 | D:1      | Reached XP level 3. HP: 22/24 MP: 1/6
  1780 | D:2      | Reached XP level 4. HP: 24/30 MP: 1/7
  2200 | D:2      | Learned a level 2 spell: Scorch
  2245 | D:2      | Reached skill level 1 in Maces & Flails
  2427 | D:3      | Reached XP level 5. HP: 31/36 MP: 0/9
  2686 | D:3      | Noticed Ijyb
  2691 | D:3      | Killed Ijyb
  2844 | D:3      | Noticed Grinder
  2905 | D:3      | Slain by Grinder

Illustrated notes

Levels and vault maps discovered:
D:1:      ebering_hopf_link, layout_loops_ring,
          hellmonk_ecumenical_altar_watching_god
D:2:      layout_basic, uniq_terence
D:3:      layout_basic, uniq_grinder, uniq_ijyb

Skill      XL: |  1  2  3  4 |
---------------+-------------+-----
Fire Magic     | 3 |  3.8
Stealth        | 2 |  2.3
Dodging        | 2 |  2.2
Maces & Flails | 1 |  1.5
Fighting       | |  0.5
Unarmed Combat | |  0.1
Spellcasting   | |  2.9
Conjurations   | |  1.5

Action                   |  1- 3 |  4- 6 || total
-------------------------+-------+-------++-------
Melee: Unarmed           |    17 |       ||    17
       Mace              |    37 |    49 ||    86
       Tailslap          |     4 |     2 ||     6
 Cast: Foxfire           |    42 |     9 ||    51
       Scorch            |       |    14 ||    14
Armor: Robe              |    12 |    14 ||    26
Dodge: Dodged            |    48 |    45 ||    93

Table legend: (Time is in decaauts)
 A = Elapsed time spent in this place.
 B = Non-inter-level travel time spent in this place.
 C = Inter-level travel time spent in this place.
 D = Time resting spent in this place.
 E = Time spent auto-exploring this place.
 F = Levels seen in this place.
 G = Mean time per level.
                   A        B        C        D        E       F      G
               +--------+--------+--------+--------+--------+-----+--------+
         Total |   2934 |   2934 |      0 |   1066 |      0 |   3 |  978.0 |
       Dungeon |   2934 |   2934 |      0 |   1066 |      0 |   3 |  978.0 |
               +--------+--------+--------+--------+--------+-----+--------+

Top non-repeatable levels by time:
     D:1: 1498 daAuts
     D:2: 891 daAuts
     D:3: 545 daAuts
